 Dungeon Crawl Stone Soup version 0.30-a0-800-g7c544603b3 (webtiles) character file.

Game seed: 3012049171119660114

4937 CowFu the Thaumaturge (level 10, 0/75 HPs)
             Began as a Djinni Conjurer on Feb 21, 2023.
             Was an Initiate of Makhleb.
             Slain by a wraith (2 damage)
             ... on level 8 of the Dungeon.
             The game lasted 00:18:10 (7174 turns).

CowFu the Thaumaturge (Djinni Conjurer)             Turns: 7174, Time: 00:18:11

Health: 0/75       AC:  4    Str: 10    XL:     10   Next: 81%
Gold:   459        EV: 15    Int: 36    God:    Makhleb [......] SH:  0 Dex: 12

rFire   + + .      SeeInvis .    q - +10 trident of Moral Flaws {antimagic, Str+4}
rCold   x . .      Faith    .    (no shield)
rNeg    . . .      Spirit   .    u - +2 robe {Will+}
rPois   ∞          Reflect  .    (no helmet)
rElec   .          Harm     .    (no cloak)
rCorr   .          Rampage  .    (no gloves)
Will    ++...                    (boots unavailable)
Stlth   ++                       (no amulet)
HPRegen 0.32/turn                c - +6 ring of intelligence
MPRegen 0.00/turn                j - +6 ring of intelligence

@: flying, slowed, very slow
A: sickness immunity, fire resistance 2, cold vulnerability 1, float, innate
caster, HP casting, extra vitality 1
a: Renounce Religion


You were on level 8 of the Dungeon.
You worshipped Makhleb.
Makhleb was noncommittal.
You visited 2 branches of the dungeon, and saw 9 of its levels.

You collected 459 gold pieces.

Inventory:

Hand Weapons
 q - the +10 trident of Moral Flaws (weapon) {antimagic, Str+4}
   (You found it on level 6 of the Dungeon)

   Str:       It affects your strength (+4).
Armour
 e - a +0 cloak
 u - a +2 robe of willpower (worn)
 v - +0 steam dragon scales
Magical Staves
 a - a staff of death
 t - a staff of fire
Jewellery
 c - a +6 ring of intelligence (left hand)
 f - a +6 ring of strength
 j - a +6 ring of intelligence (right hand)
 m - a ring of protection from cold
 w - an amulet of reflection
Wands
 b - a wand of charming (12)
Scrolls
 g - 2 scrolls of enchant weapon
 k - 3 scrolls of identify
 l - a scroll of brand weapon
 o - a scroll of teleportation
 p - 2 scrolls of fog
 r - 2 scrolls of vulnerability
 x - a scroll of poison {unknown}
 y - a scroll of fear {unknown}
Potions
 d - 3 potions of lignification
 h - a potion of invisibility
 i - a potion of mutation
 n - 3 potions of attraction
 z - a potion of might {unknown}


   Skills:
 + Level 7.5 Fighting
 + Level 8.6 Dodging
 - Level 1.5 Stealth
 * Level 9.0 Spellcasting


You knew the following spells:

 Your Spells              Type           Power      Damage    Failure   Level
a - Magic Dart            Conj           100%       1d8       1%          1
b - Searing Ray           Conj           100%       2d8       1%          2
c - Dazzling Flash        Conj/Hex       100%       N/A       1%          3
d - Fulminant Prism       Conj/Hex       34%        3d16      1%          4
e - Iskenderun's Mystic   Conj/Tloc      69%        2d14      1%          4
f - Slow                  Hex            100%       N/A       1%          1
g - Scorch                Fire           100%       2d10      1%          2
h - Momentum Strike       Conj/Tloc      100%       3d10      1%          2
i - Teleport Other        Tloc           69%        N/A       1%          3
Your spell library was empty.

Dungeon Overview and Level Annotations

Branches:
Dungeon (8/15)             Temple (1/1) D:6
   Lair: D:8-11

Altars:
Ashenzari
Cheibriados
Dithmenos
Elyvilon
Fedhas
Gozag
Hepliaklqana
Makhleb
Nemelex Xobeh
Qazlal
Ru
Trog
Uskayaw
Wu Jian
Xom
Yredelemnul
Zin
The Shining One

Shops:
D:2 (=(   D:7 [

Annotations:
D:5 2 transporters, tarna41's ghost, novice MiBe
D:7 1 runed translucent door, Crazy Yiuf


Innate Abilities, Weirdness & Mutations

You are immune to sickness and miasma.
You are immune to poison.
Your flesh is very heat resistant. (rF++)
You are vulnerable to cold. (rC-)
You float through the air rather than walking.
You learn spells naturally, not from books.
Your magical power is your life essence.
You have superior vitality. (+4 MHP)


Message History

You feel as though you will be slow longer.
The wraith hits you but does no damage.
A yak comes into view.
You hear a bellow!
Casting: Searing Ray (safe; 1% risk of failure)
Confirm with . or Enter, or press ? or * to list all spells.
You don't have enough health to cast this spell.
You feel better.
The yak bellows!
The wraith hits you.
* * * LOW HITPOINT WARNING * * *
The wraith drains your vigour!
You feel as though you will be slow longer.
You feel better. The wraith hits you.
* * * LOW HITPOINT WARNING * * *
The wraith drains your vigour!
You feel as though you will be slow longer.
The wraith hits you!
* * * LOW HITPOINT WARNING * * *
Casting: Searing Ray (safe; 1% risk of failure)
Confirm with . or Enter, or press ? or * to list all spells.
Aiming: Searing Ray (safe; 1% risk of failure)
Press: ? - help, Shift-Dir - straight line, f/p - wraith
Aim: a wraith (heavily damaged, 83% to hit)
The searing ray hits the wraith.
The wraith is severely damaged.
The searing ray hits the yak!
The yak is moderately wounded. (Press . to maintain the ray.)
* * * LOW HITPOINT WARNING * * *
The wraith hits you.
* * * LOW HITPOINT WARNING * * *
A yak comes into view.
The searing ray misses the wraith.
The searing ray hits the yak!
The yak is heavily wounded.
* * * LOW HITPOINT WARNING * * *
The wraith barely misses you.
A yak comes into view.
The wraith hits you.
You die...

#. .<.. #... .... #..
..... #.. 8.8.. #..
......#.# #+#
....8.#.#####.####.#.
$<.).))...@WY........
....#.<#####.YY...#.
. #..# #?..Y..# #..!#
##.....# ##### .....#
!....# ######


You could see 4 yaks and a wraith.

Vanquished Creatures
  Pikel (D:4)
  A manticore (D:7)
  A moth of wrath (D:4)
  Joseph (D:7)
  Grinder (D:4)
  Sigmund (D:5)
  A yak (D:8)
  A wyvern (D:7)
  2 steam dragons (D:7)
  A water moccasin (D:7)
  A sky beast (D:7)
  An ogre (D:7)
  A phantom (D:4)
  4 lemures (D:4)
  Blork the orc (D:4)
  2 bullfrogs
  3 necrophages (D:6)
  11 scorpions (D:6)
  8 wights (D:6)
  4 howler monkeys
  2 hounds
  2 jellies
  2 orc priests
  3 iguanas
  An iron imp (D:6)
  4 orc wizards
  9 adders
  2 white imps
  2 ufetubi
  2 worms (D:4)
  5 dart slugs
  15 orcs
  7 ball pythons
  6 bats
  3 endoplasms
  4 giant cockroaches
  6 goblins
  5 hobgoblins
  7 jackals
  2 quokkas
  5 frilled lizards
  3 kobolds
  8 rats
  A butterfly (D:6)
153 creatures vanquished.

Vanquished Creatures (others)
  6 fulminant prisms
  2 plants (D:7)
8 creatures vanquished.

Grand Total: 161 creatures vanquished

Notes
Turn   | Place    | Note
-------+----------+-------------------------------------------
     0 | D:1      | CowFu the Djinni Conjurer began the quest for the Orb.
     0 | D:1      | CowFu set off with the following spells memorised: Magic
                  | Dart, Searing Ray, Dazzling Flash, Fulminant Prism,
                  | Iskenderun's Mystic Blast.
     0 | D:1      | Reached XP level 1. HP: 15/15 MP: 0/0
   107 | D:1      | Reached XP level 2. HP: 10/22 MP: 0/0
   276 | D:1      | Reached XP level 3. HP: 20/26 MP: 0/0
   276 | D:1      | Learned a level 1 spell: Slow
   278 | D:1      | Reached skill level 1 in Fighting
   619 | D:2      | Reached XP level 4. HP: 30/32 MP: 0/0
   682 | D:2      | Found Xubomoir's Jewellery Boutique.
   800 | D:2      | Found Lan Weir's Antique Weapon Emporium.
   937 | D:2      | Found Vuas's Antique Weapon Shoppe.
  1006 | D:3      | Found a broken altar of Ashenzari.
  1064 | D:3      | Found a sacrificial altar of Ru.
  1083 | D:3      | Reached skill level 4 in Spellcasting
  1126 | D:3      | Found a faded altar of an unknown god.
  1590 | D:4      | Noticed Blork the orc
  1598 | D:4      | Killed Blork the orc
  1599 | D:4      | Reached XP level 5. HP: 16/38 MP: 0/0
  1599 | D:4      | Learned a level 2 spell: Scorch
  1810 | D:4      | Found a sparkling altar of Nemelex Xobeh.
  1829 | D:4      | Noticed a phantom
  1834 | D:4      | Found an ornate altar of the Wu Jian Council.
  1835 | D:4      | Killed a phantom
  1836 | D:4      | Reached XP level 6. HP: 32/45 MP: 0/0
  1956 | D:4      | Noticed a moth of wrath
  1959 | D:4      | Found a bloodstained altar of Trog.
  1979 | D:4      | Killed a moth of wrath
  1980 | D:4      | Reached skill level 5 in Spellcasting
  1980 | D:4      | Reached XP level 7. HP: 34/50 MP: 0/0
  1980 | D:4      | Learned a level 2 spell: Momentum Strike
  2105 | D:4      | Noticed Grinder
  2108 | D:4      | Killed Grinder
  2109 | D:4      | Reached skill level 5 in Dodging
  2109 | D:4      | Reached XP level 8. HP: 52/58 MP: 0/0
  2321 | D:4      | Noticed Pikel
  2350 | D:4      | Killed Pikel
  2351 | D:4      | Reached skill level 6 in Spellcasting
  2552 | D:4      | Found a stormy altar of Qazlal.
  2612 | D:4      | Found the +18 Lear's hauberk
  2725 | D:5      | Entered Level 5 of the Dungeon
  2823 | D:5      | Found a shadowy altar of Dithmenos.
  2887 | D:5      | Identified the +1 pair of boots "Nache" {rN+}
  2965 | D:5      | Noticed tarna41's ghost (novice MiBe)
  3014 | D:5      | Found a white marble altar of Elyvilon.
  3022 | D:5      | Found a transporter.
  3027 | D:5      | Found a transporter.
  3086 | D:5      | Noticed Sigmund
  3090 | D:5      | Killed Sigmund
  3091 | D:5      | Reached skill level 5 in Fighting
  3091 | D:5      | Reached XP level 9. HP: 61/65 MP: 0/0
  3091 | D:5      | Learned a level 3 spell: Teleport Other
  3894 | D:6      | Reached skill level 7 in Spellcasting
  3997 | D:6      | Found a runed translucent door.
  3999 | D:6      | Found a runed translucent door.
  4089 | D:6      | Found a staircase to the Ecumenical Temple.
  4172 | D:6      | Identified the +10 trident of Moral Flaws {antimagic,
                  | Str+4}
  4698 | D:6      | Found a snail-covered altar of Cheibriados.
  4979 | D:6      | Upgraded the game from 0.30-a0-799-g109b55a442 to
                  | 0.30-a0-800-g7c544603b3
  5074 | D:6      | Reached XP level 10. HP: 39/73 MP: 0/0
  5088 | D:6      | Reached skill level 8 in Spellcasting
  5291 | Temple   | Entered the Ecumenical Temple
  5303 | Temple   | Became a worshipper of Makhleb the Destroyer
  5391 | D:7      | Noticed Joseph
  5653 | D:7      | Killed Joseph
  6117 | D:7      | Found a runed translucent door.
  6118 | D:7      | Noticed Crazy Yiuf
  6310 | D:7      | Found Heronn's Armour Boutique.
  6358 | D:7      | Found a blossoming altar of Fedhas.
  6609 | D:7      | Noticed a manticore
  6621 | D:7      | Killed a manticore
  7157 | D:8      | Reached skill level 9 in Spellcasting
  7170 | D:8      | HP: 3/75 [wraith (5)]
  7174 | D:8      | Slain by a wraith

Illustrated notes

Levels and vault maps discovered:
D:1:      tarquinn_simple_flora_water_f, layout_rooms
D:2:      layout_rooms, serial_shops, shop, shop, shop_statue
D:3:      layout_loops_ring, cheibrodos_ashenzari_chains,
          mainiacjoe_overflow_alcove_1, shapermc_ecumenical_altar_gd
D:4:      layout_loops_cross, mainiacjoe_overflow_small_starburst,
          overflow_temple_1_default, tgw_trog,
          mainiacjoe_overflow_large_starburst, minmay_bisected,
          uniq_blork_the_orc, uniq_grinder, uniq_pikel
D:5:      layout_loops_ring, old_standard_altar, kennysheep_mini_moat,
          gammafunk_ghost_hive, uniq_sigmund
D:6:      lemuel_insect_pit, layout_cave_pods, slow_altar_2,
          minmay_temple_entry_glass
D:7:      cheibrodos_two_vegetables, layout_cave_pools, led_sif_pool,
          nicolae_overflow_crystal_walls, serial_shops, kennysheep_mini,
          uniq_crazy_yiuf_cottage, uniq_joseph
D:8:      nzn_winding_woodlands_cross [nzn_winding_woodlands_5x15_jagged,
          nzn_winding_woodlands_5x15_twine, nzn_winding_woodlands_5x15_parted,
          nzn_winding_woodlands_5x15_crooked,
          nzn_winding_woodlands_15x15_thick_spiral], layout_basic,
          mainiacjoe_overflow_surrounded_room, grunt_ministairs_10, uniq_erica,
          uniq_amaemon, uniq_psyche
Temple:   hellmonk_temple_rainy

Skill      XL: |  1  2  3  4  5  6  7  8  9 10 |
---------------+-------------------------------+-----
Fighting       | 1 2 3 5 6 7 |  7.5
Dodging        | 3 4 5 6 7 8 |  8.6
Spellcasting   | 4 5 6 7 9 |  9.0
Stealth        | |  1.5

Action                     |  1- 3 |  4- 6 |  7- 9 | 10-12 || total
---------------------------+-------+-------+-------+-------++-------
  Melee: Whip              |       |       |     7 |       ||     7
         Trident           |       |       |       |    10 ||    10
   Cast: Magic Dart        |    67 |    44 |    68 |    54 ||   233
         Fulminant Prism   |       |     2 |       |     4 ||     6
         Searing Ray       |       |     4 |    16 |    22 ||    42
         Scorch            |       |     9 |    46 |     6 ||    61
         Iskenderun's Myst |       |       |     2 |     7 ||     9
    Use: Potion            |       |       |     5 |     3 ||     8
         Scroll            |       |       |    12 |       ||    12
 Armour: Robe              |       |     1 |     7 |    11 ||    19
         Skin              |       |       |    12 |       ||    12
  Dodge: Dodged            |     4 |     6 |    20 |    34 ||    64

Table legend: (Time is in decaauts)
 A = Elapsed time spent in this place.
 B = Non-inter-level travel time spent in this place.
 C = Inter-level travel time spent in this place.
 D = Time resting spent in this place.
 E = Time spent auto-exploring this place.
 F = Levels seen in this place.
 G = Mean time per level.
                   A        B        C        D        E       F      G
               +--------+--------+--------+--------+--------+-----+--------+
         Total |   7181 |   6654 |    527 |      0 |   5586 |   9 |  797.9 |
       Dungeon |   7162 |   6635 |    527 |      0 |   5586 |   8 |  895.2 |
        Temple |     18 |     18 |      0 |      0 |      0 |   1 |   18.0 |
               +--------+--------+--------+--------+--------+-----+--------+

Top non-repeatable levels by time:
     D:6: 1950 daAuts
     D:7: 1555 daAuts
     D:4: 1200 daAuts
     D:5: 820 daAuts
     D:3: 617 daAuts
     D:2: 490 daAuts
     D:1: 480 daAuts
     D:8: 48 daAuts
  Temple: 18 daAuts
